Map: Thunderbird LE

Players

Zarattul

  • Race: Protoss Protoss
  • League: Gold
  • Spawn Location: 5:00

Argon - Winner!

  • Race: Protoss Protoss
  • Spawn Location: 11:00

VOD

Have the link to the VOD?

Description

Time

  • Played on: Nov. 23, 2019, 7:26 a.m.
  • Length: 16:38
Show
View Real Time Build Order
Export as new Build Order

Zarattul Protoss 

Build Orders:  

Get SALT Encoding   

  12  0:03  Probe  
  13  0:17  Probe  
  14  0:24  Pylon  
  14  0:29  Probe  
  15  0:35  Assimilator  
  15  0:40  Assimilator  
  15  0:42  Probe (Chrono Boost)  
  16  0:53  Probe (Chrono Boost)  
  17  0:58  Probe (Chrono Boost)  
  17  1:00  Gateway  
  18  1:12  Gateway  
  18  1:19  Probe (Chrono Boost)  
  19  1:31  Probe (Chrono Boost)  
  20  1:36  Probe (Chrono Boost)  
  21  1:46  Probe  
  22  1:53  Cybernetics Core  
  22  1:58  Probe  
  23  2:07  Pylon  
  23  2:20  Nexus  
  23  2:30  Warp Gate  
  23  2:33  Stalker  
  23  2:37  Stalker  
  27  3:03  Probe  
  28  3:08  Assimilator  
  28  3:15  Probe, Assimilator  
  29  3:27  Probe, Assimilator  
  29  3:29  Assimilator  
  29  3:31  Stalker  
  29  3:32  Stalker  
  33  3:40  Probe (Chrono Boost)  
  34  3:45  Probe (Chrono Boost)  
  35  3:52  Probe (Chrono Boost)  
  37  3:56  Probe (Chrono Boost)  
  37  3:58  Probe (Chrono Boost)  
  37  4:00  Probe (Chrono Boost)  
  37  4:01  Sentry  
  37  4:02  Sentry  
  43  4:03  Assimilator  
  43  4:05  Probe, Assimilator  
  44  4:11  Probe  
  44  4:15  Pylon  
  45  4:17  Probe  
  45  4:18  Pylon  
  46  4:50  Probe  
  46  4:51  Probe  
  48  4:53  Stalker  
  48  4:54  Stalker  
  52  5:02  Probe  
  52  5:03  Probe  
  54  5:12  Robotics Facility  
  54  5:13  Robotics Facility  
  54  5:14  Twilight Council, Probe  
  54  5:15  Probe  
  54  5:17  Stargate  
  54  5:19  Stargate  
  56  5:24  Pylon  
  56  5:27  Probe x2  
  58  5:30  Pylon  
  58  5:39  Probe  
  59  5:42  Pylon  
  59  5:48  Cybernetics Core  
  59  5:59  Blink  
  59  6:38  Robotics Bay  
  59  6:42  Nexus  
  59  6:44  Assimilator  
  59  6:46  Stalker x2  
  63  6:48  Assimilator  
  63  6:52  Pylon  
  63  6:56  Pylon  
  63  6:59  Pylon  
  63  7:02  Pylon  
  63  7:13  Gateway  
  63  7:14  Gateway  
  63  7:15  Gateway  
  63  7:18  Gateway  
  63  7:19  Gateway  
  63  7:21  Stalker x2, Gateway  
  51  7:43  Colossus x2  
  59  7:46  Void Ray x2  
  63  7:52  Stalker  
  63  8:17  Zealot x2  
  63  8:18  Zealot x4  
  64  8:39  Charge  
  66  9:25  Pylon  
  66  9:27  Colossus  
  60  10:12  Pylon  
  60  10:13  Pylon  
  54  10:14  Pylon  
  54  10:19  Void Ray  
  52  10:26  Void Ray  
  44  11:01  Pylon  
  31  12:52  Nexus  
Show
View Real Time Build Order
Export as new Build Order

Argon Protoss - Winner!

Build Orders: 1 Gate Expand 

Get SALT Encoding   

  12  0:00  Probe  
  13  0:13  Probe  
  14  0:18  Pylon  
  14  0:25  Probe (Chrono Boost)  
  15  0:37  Probe (Chrono Boost)  
  15  0:41  Gateway  
  16  0:44  Probe (Chrono Boost)  
  17  0:51  Probe  
  18  1:03  Probe (Chrono Boost)  
  19  1:14  Probe (Chrono Boost)  
  20  1:19  Nexus  
  20  1:20  Probe  
  21  1:32  Probe, Pylon  
  22  1:44  Probe  
  23  1:52  Gateway  
  23  1:56  Probe  
  24  2:05  Gateway  
  24  2:07  Pylon  
  24  2:08  Probe (Chrono Boost)  
  24  2:15  Zealot (Chrono Boost)  
  27  2:19  Probe (Chrono Boost)  
  28  2:24  Probe (Chrono Boost)  
  29  2:31  Probe  
  29  2:35  Probe  
  31  2:39  Zealot (Chrono Boost)  
  31  2:43  Probe, Zealot (Chrono Boost)  
  36  2:47  Probe  
  37  2:55  Probe  
  38  2:59  Probe  
  39  3:06  Zealot x2  
  39  3:07  Probe  
  39  3:09  Pylon  
  39  3:11  Probe  
  45  3:20  Probe  
  45  3:23  Probe  
  45  3:24  Nexus  
  45  3:26  Pylon  
  47  3:32  Probe  
  47  3:33  Zealot (Chrono Boost)  
  52  3:35  Probe  
  52  3:37  Zealot (Chrono Boost)  
  52  3:40  Zealot (Chrono Boost)  
  55  3:44  Probe  
  55  3:47  Probe  
  57  3:50  Gateway x2  
  57  3:56  Probe  
  57  3:59  Probe  
  57  4:01  Zealot x3  
  65  4:08  Probe  
  66  4:11  Probe  
  67  4:20  Gateway, Probe  
  67  4:21  Pylon  
  67  4:22  Pylon  
  70  4:34  Zealot (Chrono Boost)  
  70  4:38  Probe (Chrono Boost), Pylon  
  77  4:40  Zealot (Chrono Boost)  
  77  4:43  Probe x2 (Chrono Boost), Zealot x2 (Chrono Boost)  
  81  4:47  Zealot (Chrono Boost)  
  81  4:50  Probe (Chrono Boost)  
  81  4:51  Probe x2 (Chrono Boost)  
  76  5:01  Probe, Zealot (Chrono Boost)  
  76  5:02  Probe x2  
  76  5:03  Zealot (Chrono Boost)  
  79  5:10  Zealot (Chrono Boost)  
  79  5:13  Zealot (Chrono Boost)  
  79  5:14  Probe x2  
  83  5:17  Zealot (Chrono Boost)  
  83  5:27  Zealot (Chrono Boost)  
  83  5:28  Zealot (Chrono Boost)  
  89  5:30  Zealot (Chrono Boost)  
  89  5:31  Probe  
  89  5:32  Probe x2, Nexus, Zealot (Chrono Boost)  
  89  5:33  Pylon  
  89  5:35  Pylon  
  94  5:39  Zealot (Chrono Boost)  
  94  5:40  Zealot (Chrono Boost)  
  98  5:44  Probe x2  
  98  5:49  Gateway x2  
  100  5:56  Gateway  
  100  6:00  Gateway, Zealot (Chrono Boost)  
  100  6:01  Zealot (Chrono Boost)  
  100  6:02  Gateway  
  100  6:03  Pylon  
  108  6:04  Zealot (Chrono Boost)  
  108  6:05  Zealot (Chrono Boost), Pylon  
  108  6:09  Probe x3  
  115  6:12  Zealot (Chrono Boost)  
  115  6:14  Pylon  
  115  6:15  Pylon  
  115  6:17  Pylon  
  115  6:18  Zealot (Chrono Boost)  
  115  6:29  Gateway  
  115  6:30  Gateway, Zealot x3 (Chrono Boost)  
  115  6:32  Zealot (Chrono Boost)  
  123  6:43  Probe x3  
  123  6:44  Probe  
  127  6:53  Zealot x2 (Chrono Boost)  
  133  6:54  Zealot (Chrono Boost)  
  133  6:57  Nexus  
  133  7:00  Pylon  
  141  7:02  Zealot x2 (Chrono Boost)  
  141  7:03  Pylon  
  141  7:05  Pylon  
  141  7:07  Zealot (Chrono Boost)  
  141  7:08  Zealot (Chrono Boost)  
  145  7:09  Zealot (Chrono Boost)  
  145  7:10  Zealot (Chrono Boost)  
  141  7:17  Zealot x3 (Chrono Boost)  
  141  7:19  Zealot (Chrono Boost)  
  141  7:24  Zealot x2  
  141  7:25  Zealot x2  
  141  7:29  Zealot x3  
  149  7:30  Zealot  
  145  7:39  Gateway  
  145  7:40  Gateway  
  145  7:42  Gateway  
  143  7:44  Gateway  
  143  7:46  Pylon  
  143  7:47  Zealot, Pylon  
  143  7:48  Zealot x2  
  143  7:49  Pylon  
  147  7:54  Probe x2  
  147  7:56  Zealot  
  151  7:59  Zealot x2  
  151  8:00  Zealot x2  
  151  8:01  Zealot  
  161  8:09  Zealot x2  
  161  8:10  Zealot  
  167  8:15  Zealot x3  
  173  8:23  Zealot  
  173  8:26  Zealot x2  
  179  8:27  Zealot  
  179  8:30  Probe x4  
  179  8:32  Zealot  
  179  8:33  Zealot  
  181  8:42  Nexus  
  181  8:43  Probe  
  181  8:44  Zealot x2, Pylon  
  181  8:45  Zealot x3, Pylon  
  181  8:46  Zealot  
  181  8:47  Zealot x2  
  192  8:55  Zealot x4  
  184  8:56  Zealot  
  184  9:00  Probe, Zealot  
  184  9:01  Zealot x2  
  161  9:13  Gateway, Zealot (Chrono Boost)  
  161  9:15  Zealot x2 (Chrono Boost)  
  161  9:16  Zealot (Chrono Boost)  
  161  9:17  Zealot x2 (Chrono Boost)  
  165  9:20  Gateway  
  165  9:22  Gateway  
  169  9:27  Zealot (Chrono Boost)  
  169  9:28  Zealot x3 (Chrono Boost)  
  169  9:29  Zealot (Chrono Boost)  
  177  9:36  Zealot x2 (Chrono Boost)  
  175  9:42  Pylon  
  175  9:43  Zealot (Chrono Boost)  
  175  9:44  Zealot x5 (Chrono Boost), Pylon  
  171  9:54  Zealot x5  
  171  9:59  Zealot x4  
  181  10:00  Zealot  
  183  10:08  Probe x2, Zealot  
  183  10:10  Zealot x3  
  188  10:20  Probe, Zealot  
  188  10:21  Zealot x2  
  193  10:22  Zealot  
  193  10:27  Probe x2  
  193  10:28  Probe  
  195  10:29  Zealot  
  195  10:30  Zealot  
  190  10:43  Zealot x4  
  190  10:45  Nexus  
  190  10:47  Pylon  
  190  10:49  Pylon x2  
  182  10:51  Pylon  
  182  10:53  Pylon  
  168  11:01  Zealot x3  
  161  11:07  Gateway  
  161  11:08  Gateway  
  153  11:13  Probe x2, Pylon  
  153  11:14  Zealot x3  
  153  11:15  Zealot x2  
  153  11:16  Pylon  
  153  11:17  Pylon  
  161  11:19  Zealot x3  
  165  11:26  Zealot  
  165  11:27  Zealot x2  
  165  11:35  Probe  
  165  11:36  Zealot x2  
  165  11:39  Probe x2  
  175  11:40  Probe  
  175  11:46  Zealot x2  
  177  11:47  Probe  
  177  11:51  Probe x2  
  178  11:55  Probe  
  178  11:56  Zealot x2  
  178  11:57  Zealot x2  
  178  11:59  Probe  
  187  12:06  Probe  
  187  12:07  Zealot x3  
  187  12:08  Zealot  
  195  12:10  Probe  
  196  12:17  Zealot x2  
  198  12:33  Zealot  
  198  12:41  Gateway  
  198  12:43  Gateway  
  194  12:46  Gateway  
  194  12:47  Gateway  
  194  12:48  Gateway  
  194  12:50  Gateway, Pylon  
  194  12:53  Gateway  
  194  12:57  Probe x4  
  198  12:59  Zealot  
  200  13:25  Pylon x2  
  200  13:28  Pylon x2  
  200  13:31  Pylon  
  200  13:34  Forge  
  195  13:36  Forge  
  195  13:38  Pylon  
  195  13:39  Probe, Pylon  
  195  13:40  Probe, Zealot x2, Pylon  
  195  13:41  Zealot x2  
  190  14:11  Forge  
  190  14:13  Forge  
  186  14:25  Pylon  
  186  14:27  Pylon  
  186  14:29  Nexus  
  186  14:37  Nexus  
  186  14:40  Zealot  
  186  14:41  Zealot x6, Pylon  
  186  14:42  Pylon  
  186  14:43  Pylon  
  199  14:45  Pylon  
  199  14:48  Photon Cannon  
  199  15:26  Gateway  
  199  15:27  Gateway  
  199  15:29  Gateway  
  199  15:31  Gateway  
  199  15:33  Gateway  
  199  15:39  Photon Cannon  
  195  15:42  Photon Cannon  
  195  15:45  Photon Cannon, Pylon  
  195  15:47  Photon Cannon  
  195  15:49  Photon Cannon  
  193  15:52  Zealot  
  193  15:53  Zealot  
  199  16:27  Pylon  
  199  16:30  Pylon  
  199  16:33  Photon Cannon  
  199  16:35  Photon Cannon  
  199  16:36  Photon Cannon  
Tags
 
League
Gold
Matchup
PvP
Spawn Locations
Cross Positions
Add a new tag
Caveats
  • Supply blocks, unpowered buildings, or Contaminate may cause inaccurate times.
  • Supply counts are checked every 10 seconds.